 Dungeon Crawl Stone Soup version 0.26.0-45-g9c1d065592 (console) character file.

Game seed: 14444963391467942269

263 om the Caller (level 5, -5/28 HPs)
             Began as a Deep Elf Summoner on Jan 28, 2021.
             Slain by an ogre
             ... wielding a +0 giant spiked club
              (25 damage)
             ... on level 4 of the Dungeon.
             The game lasted 00:07:42 (5606 turns).

om the Caller (Deep Elf Summoner)                   Turns: 5606, Time: 00:07:43

Health: -5/28      AC:  1    Str:  6    XL:     5   Next: 98%
Magic:  12/14      EV: 14    Int: 20    God:
Gold:   145        SH:  0    Dex: 15    Spells: 8/14 levels left

rFire    . . .     SeeInvis .   f - +2 dagger (venom)
rCold    . . .     Faith    .   (no shield)
rNeg     . . .     Spirit   .   a - +0 robe
rPois    .         Reflect  .   (no helmet)
rElec    .         Harm     .   k - -2 cloak (curse)
rCorr    .         Rampage  .   (no gloves)
Will     .....                  (no boots)
Stlth    +++.......             (no amulet)
HPRegen  0.09/turn              (no ring)
MPRegen  0.14/turn              (no ring)

@: no status effects
A: no striking features
a: no special abilities


You were on level 4 of the Dungeon.
You visited 1 branch of the dungeon, and saw 4 of its levels.

You collected 145 gold pieces.

Inventory:

Hand Weapons
 f - a +2 dagger of venom (weapon)
Armour
 a - a +0 robe (worn)
 k - a cursed -2 cloak (worn)
Magical Staves
 l - an uncursed staff of poison
Jewellery
 d - an uncursed ring of teleportation
Scrolls
 c - a scroll of magic mapping {unknown}
 j - a scroll of fear {unknown}
 n - a scroll of teleportation
 o - a scroll of enchant armour {unknown}
 p - a scroll of enchant weapon {unknown}
Potions
 b - a potion of might
 e - a potion of flight
 g - 2 potions of curing
 h - 4 potions of haste
 i - a potion of berserk rage
 m - a potion of cancellation {unknown}


   Skills:
 + Level 1.7 Short Blades
 * Level 4.5 Dodging
 + Level 3.8 Stealth
 * Level 5.0 Spellcasting
 + Level 5.1 Summonings


You had 8 spell levels left.
You knew the following spells:

 Your Spells              Type           Power        Failure   Level
a - Summon Small Mammal   Summ           100%         1%          1
b - Call Imp              Summ           25%          2%          2
c - Call Canine Familiar  Summ           25%          4%          3

Your spell library contained the following spells:

 Spells                   Type           Power        Failure   Level
 Summon Guardian Golem    Hex/Summ       15%          12%         3
 Summon Ice Beast         Ice/Summ       15%          36%         4
 Summon Lightning Spire   Summ/Air       15%          36%         4


Dungeon Overview and Level Annotations

Branches:
Dungeon (4/15)             Temple (0/1) D:4

Altars:
Hepliaklqana
Makhleb
Uskayaw


Message History

Press: ? - help, Dir - move target, f - ogre
Aim: an ogre, wielding a +0 giant spiked club Attack!
The ogre hits you with a +0 giant spiked club!
Your quokka bites the ogre.
You hit the ogre.
The ogre is moderately wounded.
Your quokka bites the ogre.
The ogre barely misses you.
Your hound closely misses the ogre.
You barely miss the ogre.
The ogre is moderately wounded.
Your rat bites the ogre but does no damage.
Your hound bites the ogre.
Your quokka bites the ogre but does no damage.
Your white imp barely misses the ogre.
You hit the ogre.
The ogre is poisoned.
The ogre is heavily wounded.
Your hound bites the ogre.
The ogre hits you with a +0 giant spiked club!!
Ouch! That really hurt!
You die...

#......###......
#.................P
##....)##.#..# ....
#.......##...# ... ..
#........#.####.# ...
##.......#..#...# ....
#.............####....
#....#...#............
#....##...#............
......#.....##.........
###...........#5@......#
#. .#.......hOr....... #
##..≈≈≈...r.......
....≈≈≈...........
....≈≈≈........#.#
....≈≈≈........#.#
..⌠..........
.......#.#...#


You could see an ogre (very poisoned), a friendly hound (summoned), a friendly
white imp (summoned), a friendly quokka (summoned) and a friendly rat
(summoned).

Vanquished Creatures
  A hound (D:3)
  An adder (D:3)
  2 gnolls
  2 worms
  2 dart slugs
  A leopard gecko (D:2)
  3 orcs (D:3)
  4 bats
  3 giant cockroaches
  7 goblins
  9 hobgoblins
  3 jackals (D:3)
  5 kobolds
  A quokka (D:2)
  A ball python (D:3)
  3 frilled lizards
  5 rats
53 creatures vanquished.

Vanquished Creatures (collateral kills)
  An ogre (D:4)
  A gnoll shaman (D:4)
  An orc wizard (D:3)
  6 gnolls
  2 worms
  3 dart slugs (D:1)
  A giant cockroach (D:3)
  3 goblins (D:3)
  3 hobgoblins (D:1)
  4 kobolds
  2 bats
27 creatures vanquished.

Grand Total: 80 creatures vanquished

Notes
Turn   | Place    | Note
-------+----------+-------------------------------------------
     0 | D:1      | om the Deep Elf Summoner began the quest for the Orb.
     0 | D:1      | Reached XP level 1. HP: 10/10 MP: 6/6
   949 | D:1      | Reached XP level 2. HP: 15/15 MP: 8/8
  2434 | D:1      | Reached XP level 3. HP: 19/19 MP: 10/10
  4359 | D:3      | Reached XP level 4. HP: 15/24 MP: 8/12
  4373 | D:2      | Learned a level 2 spell: Call Imp
  4377 | D:2      | Learned a level 3 spell: Call Canine Familiar
  4509 | D:3      | Reached skill level 1 in Short Blades
  4913 | D:3      | Found a burning altar of Makhleb.
  4919 | D:3      | Reached skill level 5 in Summonings
  4919 | D:3      | Reached XP level 5. HP: 28/28 MP: 13/13
  5465 | D:3      | Found a hide-covered altar of Uskayaw.
  5465 | D:3      | Found a hazy altar of Hepliaklqana.
  5487 | D:4      | Found a staircase to the Ecumenical Temple.
  5503 | D:4      | Noticed an ogre
  5514 | D:4      | Killed an ogre
  5529 | D:4      | Reached skill level 5 in Spellcasting
  5595 | D:4      | Noticed an ogre
  5606 | D:4      | Slain by an ogre

Illustrated notes

Levels and vault maps discovered:
D:1:      nicolae_arrival_washed_ashore, layout_loops_ring
D:2:      layout_basic
D:3:      layout_basic, makhleb_blood_cavern_becter,
          gammafunk_temple_overflow_elements
D:4:      layout_cave_pools, grunt_temple_overflow_octagram,
          kennysheep_mini_moat, temple_fountains, serial_park, serial_park_paths
          [serial_park_minivault_5x5_1], serial_park_tiny_pond,
          serial_park_tiny_2, serial_park_tiny_pond

Skill      XL: |  1  2  3  4  5 |
---------------+----------------+-----
Dodging        | 3 4 |  4.5
Stealth        | 3 |  3.8
Spellcasting   | 4 5 |  5.0
Short Blades   | 1 |  1.7
Summonings     | 5 |  5.1

Action                   |  1- 3 |  4- 6 || total
-------------------------+-------+-------++-------
Melee: Unarmed           |    11 |       ||    11
       Short sword       |    79 |       ||    79
       Dagger            |    31 |    55 ||    86
 Cast: Summon Small Mamm |    31 |     7 ||    38
       Call Imp          |       |     4 ||     4
       Call Canine Famil |       |     1 ||     1
  Use: Scroll            |     5 |     5 ||    10
 Stab: Sleeping          |    15 |     2 ||    17
       Distracted        |     1 |       ||     1
Armor: Robe              |    11 |     4 ||    15
Dodge: Dodged            |    84 |    55 ||   139
